 Dungeon Crawl Stone Soup version 0.31-a0-996-g3b49de5836 (webtiles) character file.

Game seed: 12683102820567807403

2521 IndexError the Fighter (level 9, -9/76 HPs)
             Began as a Djinni Conjurer on Nov 7, 2023.
             Was an Initiate of Ashenzari.
             Mangled by a wight
             ... wielding a +3 morningstar of freezing
              (13 damage)
             ... on level 7 of the Dungeon.
             The game lasted 00:12:50 (5347 turns).

IndexError the Fighter (Djinni Conjurer)            Turns: 5347, Time: 00:12:50

Health: -9/76      AC:  4    Str:  4 (6)  XL:     9   Next: 84%
Gold:   230        EV: 13    Int: 22 (23) God:    Ashenzari [......] SH:  0 Dex: 17 (18)

rFire   + + .        w - +11 war axe of the Pill Bug {speed, rPois Dex+5}
rCold   x . .        (no shield)
rNeg    . . .        a - +0 robe
rPois   ∞            z - +0 helmet
rElec   .            o - +0 cloak
rCorr   .            (no gloves)
SInv    .            (boots unavailable)
Will    .....        c - amulet "Omniscient Suspicion" {Regen+, +regen, !d, Self, Cun} (curse)
Stlth   ++           (no ring)
HPRegen 1.12/turn    (no ring)
MPRegen 0.00/turn

%: infuse magic (-10 HP)
@: flying, very slightly contaminated
A: sickness immunity, fire resistance 2, cold vulnerability 1, float, innate
caster, HP casting, extra vitality 1
a: Renounce Religion, Shatter the Chains


You were on level 7 of the Dungeon.
You worshipped Ashenzari.
Ashenzari was noncommittal.
You visited 2 branches of the dungeon, and saw 8 of its levels.

You collected 230 gold pieces.

Inventory:

Hand Weapons
 w - the +11 war axe of the Pill Bug (weapon) {speed, rPois Dex+5}
   (You took it off a centaur on level 5 of the Dungeon)

   Dex+5:     It affects your dexterity (+5).
   rPois:     It protects you from poison
Armour
 a - a +0 robe (worn)
 o - a +0 cloak (worn)
   (You found it on level 2 of the Dungeon)
 z - a +0 helmet (worn)
   (You found it on level 6 of the Dungeon)
Magical Staves
 k - a staff of cold {rC+}
   (You found it on level 1 of the Dungeon)
Jewellery
 c - the cursed amulet "Omniscient Suspicion" (around neck) {Regen+, +regen, !d, Self, Cun}
   (You found it on level 1 of the Dungeon)

   [amulet of regeneration]

   Regen+:    It increases your rate of health regeneration.
   It has a curse which improves the following skills: Introspection: Fighting
   and Spellcasting.
   Cunning:   Dodging and Stealth.
 j - an amulet of faith {Faith, !P}
   (You found it on level 3 of the Dungeon)
Wands
 A - a wand of polymorph (7)
   (You found it on level 6 of the Dungeon)
 D - a wand of light (6)
   (You found it on level 6 of the Dungeon)
 E - a wand of mindburst (14)
   (You found it on level 6 of the Dungeon)
Scrolls
 d - 2 scrolls of poison {unknown}
 f - a scroll of torment {unknown}
 g - a scroll of fear {unknown}
 l - 2 scrolls of enchant weapon {unknown}
 n - a scroll of fog {unknown}
 q - a scroll of blinking {unknown}
 s - 6 scrolls of identify {unknown}
 x - 2 scrolls of teleportation {unknown}
 y - a scroll of enchant armour {unknown}
 B - a scroll of revelation {unknown}
 C - 2 scrolls of vulnerability {unknown}
Potions
 b - 3 potions of lignification {unknown}
 e - 3 potions of curing {unknown}
 h - a potion of haste {unknown}
 i - 2 potions of cancellation {unknown}
 m - 2 potions of magic {unknown}
 p - 2 potions of resistance {unknown}
 r - a potion of invisibility {unknown}
 t - a potion of ambrosia {unknown}
 u - 2 potions of attraction {unknown}
 v - 2 potions of degeneration {!q}
 F - a potion of berserk rage {unknown}
 G - a potion of might {unknown}


   Skills:
 * Level 10.8(11.2) Fighting
 - Level 2.1(2.5) Dodging
 - Level 1.5(1.9) Stealth
 + Level 5.9(6.3) Spellcasting
 + Level 5.9 Conjurations
 + Level 5.9 Hexes
   Level 0.0 Charms
 + Level 5.9 Summonings
 + Level 5.9 Necromancy
 + Level 5.9 Translocations
 + Level 5.9 Transmutations
 + Level 5.9 Fire Magic
 + Level 5.9 Ice Magic
 + Level 5.9 Air Magic
 + Level 5.9 Earth Magic
 + Level 5.9 Poison Magic


You knew the following spells:

 Your Spells              Type           Power      Damage    Failure   Level
a - Magic Dart            Conj           100%       1d8       1%          1
b - Searing Ray           Conj           66%        2d6       1%          2
c - Dazzling Flash        Conj/Hex       66%        N/A       2%          3
d - Fulminant Prism       Conj/Hex       16%        3d11      8%          4
e - Sting                 Tmut/Pois      100%       1d8       1%          1
f - Jinxbite              Hex            66%        N/A       1%          2
g - Petrify               Tmut/Erth      33%        N/A       8%          4
x - Iskenderun's Mystic   Conj/Tloc      33%        2d8       8%          4
A - Ozocubu's Armour      Ice            33%        N/A       2%          3
Your spell library was empty.

Dungeon Overview and Level Annotations

Branches:
Dungeon (7/15)             Temple (1/1) D:6

Altars:
Ashenzari
Dithmenos
Elyvilon
Fedhas
Gozag
Hepliaklqana
Nemelex Xobeh
Okawaru
Qazlal
Ru
Trog
Uskayaw
Wu Jian
Xom
Yredelemnul
The Shining One

Shops:
D:5 (   D:7 [

Annotations:
D:6 2 transporters, grizmgrazm2's ghost, novice DjSh


Innate Abilities, Weirdness & Mutations

You are immune to sickness and miasma.
You are immune to poison.
Your flesh is very heat resistant. (rF++)
You are vulnerable to cold. (rC-)
You float through the air rather than walking.
You learn spells naturally, not from books.
Your magical power is your life essence.
You have superior vitality. (+4 MHP)


Message History

You slash the wight!
A wight comes into view. It is wielding a +0 flail.
The wight hits you from afar with a +0 trident!
Things that are here:
a +0 spear; a +0 robe You take 7 damage, and have 64/76 hp.
There is an open door here.
You regained 2 hp, and now have 66/76 hp.
There is a hazy altar of Hepliaklqana here.
There is an open door here.
Casting: Magic Dart (safe; 1% risk of failure)
Confirm with . or Enter, or press ? or * to list all spells.
Aiming: Searing Ray (safe; 1% risk of failure)
Press: ? - help, Shift-Dir - straight line, f - wight
Aim: a wight, wielding a +0 flail and wearing a +0 robe (81% to hit)
The searing ray hits the wight. x2 (Press . to maintain the ray.)
The searing ray hits the wight! x2; The wight hits you with a +0 flail!
You take 7 damage, and have 66/76 hp.
The searing ray hits the wight. x2
The wight hits you from afar with a +0 trident.
The wight closely misses you.
You take 5 damage, and have 61/76 hp.
The searing ray hits the wight! x2
You finish channelling your searing ray.
There is an open door here.
Things that are here:
a +0 flail; a +0 robe
Things that are here:
a +0 trident; a +0 robe
There is a hazy altar of Hepliaklqana here.
There is an open door here.
Things that are here:
a +0 spear; a +0 robe A wight comes into view.
It is wielding a +3 morningstar of freezing.
Health restored: 76
Casting: Searing Ray (safe; 1% risk of failure)
Confirm with . or Enter, or press ? or * to list all spells.
Aiming: Searing Ray (safe; 1% risk of failure)
Press: ? - help, Shift-Dir - straight line, f - wight
Aim: a wight, wielding a +3 morningstar of freezing and wearing a +0 robe (dormant, 100% to hit)
The searing ray hits the wight but does no damage. (Press . to maintain the ray.)
You take 1 damage, and have 75/76 hp.
The searing ray hits the wight.
The wight hits you with a +3 morningstar of freezing!
The wight freezes you!
You take 27 damage, and have 48/76 hp.
MASSIVE DAMAGE!!
The searing ray misses the wight.
The wight hits you with a +3 morningstar of freezing.
The wight freezes you.
You take 6 damage, and have 42/76 hp.
The searing ray misses the wight.
You finish channelling your searing ray.
The wight hits you with a +3 morningstar of freezing.
The wight freezes you.
A wight comes into view. It is wielding a +0 great sword.
You take 6 damage, and have 36/76 hp.
You are too injured to fight recklessly!
Casting: Searing Ray (safe; 1% risk of failure)
Confirm with . or Enter, or press ? or * to list all spells.
Aiming: Searing Ray (safe; 1% risk of failure)
Press: ? - help, Shift-Dir - straight line, f - wight, p - wight
Aim: a wight, wielding a +0 great sword and wearing a +0 robe (81% to hit)
The searing ray hits the wight but does no damage. x2 (Press . to maintain the ray.)
You take 1 damage, and have 35/76 hp.
The searing ray hits the wight!
The wight hits you with a +3 morningstar of freezing!
The wight freezes you.
* * * LOW HITPOINT WARNING * * *
The wight barely misses you.
You take 14 damage, and have 21/76 hp.
The searing ray hits the wight but does no damage.
* * * LOW HITPOINT WARNING * * *
The wight hits you with a +3 morningstar of freezing!
* * * LOW HITPOINT WARNING * * *
The wight freezes you.
* * * LOW HITPOINT WARNING * * *
The wight completely misses you.
You take 9 damage, and have 12/76 hp.
Casting: Searing Ray (safe; 1% risk of failure)
Confirm with . or Enter, or press ? or * to list all spells.
You miscast Iskenderun's Mystic Blast.
You are very lightly contaminated with residual magic.
Nothing appears to happen.
* * * LOW HITPOINT WARNING * * *
The wight misses you.
The wight hits you with a +0 great sword.
* * * LOW HITPOINT WARNING * * *
You take 9 damage, and have 3/76 hp.
Casting: Iskenderun's Mystic Blast (dangerous; 7% risk of failure)
Confirm with . or Enter, or press ? or * to list all spells.
You don't have enough health to cast this spell.
Unknown command.
It was a potion of degeneration.
There was something very wrong with that liquid.
You feel weakened.
You feel dopey.
You feel clumsy.
The wight hits you with a +3 morningstar of freezing!
You die...

###### ######)#####)#
..)..# #.'...)...+..#
.§...# ##.#.♣...♣.#..#
.§∩..#####..#.♣._.♣.##.#
..§§.##..<..#.♣...♣.#..#
..§..##.....+.......'.##
.#§####.....####'######
...# #.....# #z#.# .###
#.....# #@z.# .##
###.########.# #.#
#.......# .# .##
#.......# #
#######....)..# #
#...........#### #
#.###...........
###.###.......###
.........)....#


You could see 2 wights.

Vanquished Creatures
  Eustachio (D:4)
  Duvessa (D:4)
  An ice beast (D:7)
  An orc warrior (D:7)
  3 ogres
  3 centaurs
  3 phantoms
  A bullfrog (D:7)
  7 wights
  Dowan (D:4)
  A crimson imp (D:6)
  2 jellies
  5 hounds
  A sleepcap (D:7)
  An orc priest (D:4)
  Crazy Yiuf (D:6)
  7 iguanas
  5 orc wizards
  3 gnolls (D:5)
  11 adders
  2 white imps (D:7)
  2 ufetubi (D:6)
  6 worms
  18 orcs
  5 endoplasms
  3 giant cockroaches
  7 goblins
  5 hobgoblins
  5 kobolds
  2 quokkas (D:2)
  3 ball pythons
  5 bats
  4 frilled lizards
  A goblin skeleton (D:6)
  2 goblin zombies (D:6)
  3 hobgoblin zombies (D:6)
  2 kobold skeletons (D:6)
  An orc zombie (D:6)
  3 rats
138 creatures vanquished.

Vanquished Creatures (others)
  An orc wizard (D:4)
1 creature vanquished.

Grand Total: 139 creatures vanquished

Notes
Turn   | Place    | Note
-------+----------+-------------------------------------------
     0 | D:1      | IndexError the Djinni Conjurer began the quest for the Orb.
     0 | D:1      | IndexError set off with the following spells memorised:
                  | Magic Dart, Searing Ray, Dazzling Flash, Fulminant Prism,
                  | Iskenderun's Mystic Blast.
     0 | D:1      | Reached XP level 1. HP: 15/15 MP: 0/0
   132 | D:1      | Reached skill level 1 in Fighting
   132 | D:1      | Reached XP level 2. HP: 22/22 MP: 0/0
   817 | D:1      | Reached XP level 3. HP: 24/28 MP: 0/0
   817 | D:1      | Learned a level 1 spell: Sting
   860 | D:2      | Reached skill level 2 in Fighting
   974 | D:2      | Reached XP level 4. HP: 34/34 MP: 0/0
  1025 | D:2      | Found the +6 lightning scales {swift, rElec}
  1200 | D:2      | Reached skill level 3 in Fighting
  1721 | D:3      | Found a broken altar of Ashenzari.
  1727 | D:3      | Found a shadowy altar of Dithmenos.
  1810 | D:3      | Found an iron altar of Okawaru.
  1917 | D:3      | Reached XP level 5. HP: 39/40 MP: 0/0
  1917 | D:3      | Learned a level 2 spell: Jinxbite
  2419 | D:4      | Reached skill level 4 in Fighting
  2507 | D:4      | Noticed Duvessa
  2509 | D:4      | Noticed Dowan
  2520 | D:4      | Killed Duvessa
  2521 | D:4      | Reached skill level 5 in Fighting
  2521 | D:4      | Reached skill level 4 in Spellcasting
  2521 | D:4      | Reached skill level 4 in Conjurations
  2521 | D:4      | Reached skill level 4 in Hexes
  2521 | D:4      | Reached skill level 4 in Summonings
  2521 | D:4      | Reached skill level 4 in Necromancy
  2521 | D:4      | Reached skill level 4 in Translocations
  2521 | D:4      | Reached skill level 4 in Transmutations
  2521 | D:4      | Reached skill level 4 in Fire Magic
  2521 | D:4      | Reached skill level 4 in Ice Magic
  2521 | D:4      | Reached skill level 4 in Air Magic
  2521 | D:4      | Reached skill level 4 in Earth Magic
  2521 | D:4      | Reached skill level 4 in Poison Magic
  2521 | D:4      | Reached XP level 6. HP: 33/49 MP: 0/0
  2522 | D:4      | Killed Dowan
  2645 | D:4      | Noticed Eustachio
  2655 | D:4      | Killed Eustachio
  2655 | D:4      | HP: 12/49 [adder (4)]
  2656 | D:4      | Reached skill level 6 in Fighting
  2656 | D:4      | Reached XP level 7. HP: 14/56 MP: 0/0
  2656 | D:4      | Learned a level 3 spell: Ozocubu's Armour
  3122 | D:5      | Entered Level 5 of the Dungeon
  3271 | D:5      | Identified the +11 war axe of the Pill Bug {speed, rPois
                  | Dex+5}
  3278 | D:5      | Reached skill level 7 in Fighting
  3278 | D:5      | Reached XP level 8. HP: 37/64 MP: 0/0
  3452 | D:5      | Found a blossoming altar of Fedhas.
  3492 | D:5      | Found Iqayreit's Hydra Hut.
  3495 | D:5      | Noticed a six-headed hydra
  3548 | D:5      | Reached skill level 8 in Fighting
  3548 | D:5      | Reached skill level 5 in Spellcasting
  3548 | D:5      | Reached skill level 5 in Conjurations
  3548 | D:5      | Reached skill level 5 in Hexes
  3548 | D:5      | Reached skill level 5 in Summonings
  3548 | D:5      | Reached skill level 5 in Necromancy
  3548 | D:5      | Reached skill level 5 in Translocations
  3548 | D:5      | Reached skill level 5 in Transmutations
  3548 | D:5      | Reached skill level 5 in Fire Magic
  3548 | D:5      | Reached skill level 5 in Ice Magic
  3548 | D:5      | Reached skill level 5 in Air Magic
  3548 | D:5      | Reached skill level 5 in Earth Magic
  3548 | D:5      | Reached skill level 5 in Poison Magic
  3764 | D:3      | Became a worshipper of Ashenzari the Shackled
  3972 | D:6      | Found a transporter.
  3974 | D:6      | Found a transporter.
  3975 | D:6      | Noticed grizmgrazm2's ghost (novice DjSh)
  4016 | D:6      | Found a glowing golden altar of the Shining One.
  4117 | D:6      | Reached XP level 9. HP: 66/71 MP: 0/0
  4117 | D:6      | Learned a level 4 spell: Petrify
  4168 | D:6      | Reached skill level 9 in Fighting
  4196 | D:6      | Found a shimmering altar of Xom.
  4200 | D:6      | Found a bloodstained altar of Trog.
  4554 | D:6      | Found a staircase to the Ecumenical Temple.
  4575 | Temple   | Entered the Ecumenical Temple
  4687 | D:6      | Found a runed translucent door.
  4688 | D:6      | Noticed Crazy Yiuf
  4795 | D:6      | Killed Crazy Yiuf
  4846 | D:7      | Found Jeic's Armour Boutique.
  4918 | D:7      | HP: 10/74 [orc warrior/+0 short sword (8)]
  4922 | D:7      | Reached skill level 10 in Fighting
  5059 | D:7      | Found an ornate altar of the Wu Jian Council.
  5252 | D:7      | Found a hazy altar of Hepliaklqana.
  5345 | D:7      | HP: 13/76 [wight/+3 morningstar of freezing (9)]
  5346 | D:7      | HP: 3/76 [wight/+0 great sword (6)]
  5347 | D:7      | Mangled by a wight

Illustrated notes

Levels and vault maps discovered:
D:1:      tarquinn_simple_flora_water_e, layout_loops_ring
D:2:      layout_basic, st_stairs_7
D:3:      layout_basic, mainiacjoe_overflow_surrounded_room,
          amethyst_overflow_temple_binary
D:4:      layout_loops_cross, amcnicky_mini_corridor_feature,
          kennysheep_minor_cross, uniq_eustachio, uniq_duvessa
D:5:      layout_rooms, mainiacjoe_overflow_cross_hatched,
          general_overflow_altar, serial_curves, eino_curves_01, eino_curves_01,
          eino_curves_03, eino_curves_02, doesnt_shop_hydraphobe
D:6:      layout_basic, nicolae_tso_besieged_by_evil, jmf_multi_god_temple,
          minmay_temple_entry_poolview, gammafunk_ghost_smash,
          serial_park_tiny_2, uniq_crazy_yiuf_cottage
D:7:      layout_loops_cross, mainiacjoe_overflow_six_doors_small,
          mainiacjoe_overflow_alcove_2, serial_shops,
          nicolae_shop_getting_attention, uniq_joseph, uniq_menkaure
Temple:   kb_temple_of_zot

Skill      XL: |  1  2  3  4  5  6  7  8  9 |
---------------+----------------------------+-----
Fighting       | 1 2 3 5 6 7 8 10 | 10.8
Spellcasting   | 4 5 |  5.9
Conjurations   | 4 5 |  5.9
Hexes          | 4 5 |  5.9
Summonings     | 4 5 |  5.9
Necromancy     | 4 5 |  5.9
Translocations | 4 5 |  5.9
Transmutations | 4 5 |  5.9
Fire Magic     | 4 5 |  5.9
Ice Magic      | 4 5 |  5.9
Air Magic      | 4 5 |  5.9
Earth Magic    | 4 5 |  5.9
Poison Magic   | 4 5 |  5.9
Dodging        | |  2.1
Stealth        | |  1.5

Action                     |  1- 3 |  4- 6 |  7- 9 || total
---------------------------+-------+-------+-------++-------
  Melee: War axe           |       |       |    76 ||    76
   Cast: Magic Dart        |    66 |    86 |    83 ||   235
         Searing Ray       |     3 |    11 |    32 ||    46
         Sting             |     2 |       |       ||     2
         Iskenderun's Myst |       |     1 |       ||     1
         Ozocubu's Armour  |       |       |     1 ||     1
 Invoke: Curse Item        |       |       |     1 ||     1
    Use: Potion            |       |       |     1 ||     1
   Stab: Sleeping          |       |       |     2 ||     2
 Armour: Robe              |     9 |    26 |    91 ||   126
  Dodge: Dodged            |     9 |     9 |    75 ||    93

Table legend: (Time is in decaauts)
 A = Elapsed time spent in this place.
 B = Non-inter-level travel time spent in this place.
 C = Inter-level travel time spent in this place.
 D = Time resting spent in this place.
 E = Time spent auto-exploring this place.
 F = Levels seen in this place.
 G = Mean time per level.
                   A        B        C        D        E       F      G
               +--------+--------+--------+--------+--------+-----+--------+
         Total |   5354 |   4784 |    570 |      0 |   3910 |   8 |  669.2 |
       Dungeon |   5352 |   4782 |    570 |      0 |   3910 |   7 |  764.6 |
        Temple |      1 |      1 |      0 |      0 |      0 |   1 |    1.0 |
               +--------+--------+--------+--------+--------+-----+--------+

Top non-repeatable levels by time:
     D:6: 1009 daAuts
     D:3: 902 daAuts
     D:1: 841 daAuts
     D:4: 768 daAuts
     D:2: 701 daAuts
     D:5: 678 daAuts
     D:7: 451 daAuts
  Temple: 1 daAuts

Levels and vault maps discovered:
D:1:      tarquinn_simple_flora_water_e, layout_loops_ring
D:2:      layout_basic, st_stairs_7
D:3:      layout_basic, mainiacjoe_overflow_surrounded_room,
          amethyst_overflow_temple_binary
D:4:      layout_loops_cross, amcnicky_mini_corridor_feature,
          kennysheep_minor_cross, uniq_eustachio, uniq_duvessa
D:5:      layout_rooms, mainiacjoe_overflow_cross_hatched,
          general_overflow_altar, serial_curves, eino_curves_01, eino_curves_01,
          eino_curves_03, eino_curves_02, doesnt_shop_hydraphobe
D:6:      layout_basic, nicolae_tso_besieged_by_evil, jmf_multi_god_temple,
          minmay_temple_entry_poolview, gammafunk_ghost_smash,
          serial_park_tiny_2, uniq_crazy_yiuf_cottage
D:7:      layout_loops_cross, mainiacjoe_overflow_six_doors_small,
          mainiacjoe_overflow_alcove_2, serial_shops,
          nicolae_shop_getting_attention, uniq_joseph, uniq_menkaure
Temple:   kb_temple_of_zot

Table legend: (Time is in decaauts)
 A = Elapsed time spent in this place.
 B = Non-inter-level travel time spent in this place.
 C = Inter-level travel time spent in this place.
 D = Time resting spent in this place.
 E = Time spent auto-exploring this place.
 F = Levels seen in this place.
 G = Mean time per level.
                   A        B        C        D        E       F      G
               +--------+--------+--------+--------+--------+-----+--------+
         Total |   5354 |   4784 |    570 |      0 |   3910 |   8 |  669.2 |
       Dungeon |   5352 |   4782 |    570 |      0 |   3910 |   7 |  764.6 |
        Temple |      1 |      1 |      0 |      0 |      0 |   1 |    1.0 |
               +--------+--------+--------+--------+--------+-----+--------+

Top non-repeatable levels by time:
     D:6: 1009 daAuts
     D:3: 902 daAuts
     D:1: 841 daAuts
     D:4: 768 daAuts
     D:2: 701 daAuts
     D:5: 678 daAuts
     D:7: 451 daAuts
  Temple: 1 daAuts

Table legend:
 A = Kills in this place as a percentage of kills in the entire game.
 B = Kills by you in this place as a percentage of kills by you in the entire game.
 C = Kills by friends in this place as a percentage of kills by friends in the entire game.
 D = Other kills in this place as a percentage of other kills in the entire game.
 E = Experience gained in this place as a percentage of experience gained in the entire game.
 F = Experience gained in this place divided by the number of levels of this place that you have seen.
                   A       B       C       D       E      F
               +-------+-------+-------+-------+-------+----------------------
         Total | 100.0 | 100.0 |   N/A | 100.0 | 100.0 | 450.2
       Dungeon | 100.0 | 100.0 |   N/A | 100.0 | 100.0 | 514.6
               +-------+-------+-------+-------+-------+----------------------
